 Dungeon Crawl Stone Soup version 0.30-a0-168-g0b976cbdc4 (webtiles) character file.

Game seed: 6372938001542032038

513 qw the Chopper (level 7, -5/43 HPs)
             Began as a Gargoyle Fighter on Sept 29, 2022.
             Killed from afar by Pikel (14 damage)
             ... with a bolt of dispelling energy
             ... on level 5 of the Dungeon.
             The game lasted 00:01:30 (4096 turns).

qw the Chopper (Gargoyle Fighter)                   Turns: 4096, Time: 00:01:30

Health: -5/43      AC: 16    Str: 23    XL:     7   Next: 20%
Magic:  7/7        EV:  7    Int:  9    God:
Gold:   98         SH:  4    Dex:  9    Spells: 6/6 levels left

rFire   + . .      SeeInvis .    Y - +5 broad axe (freeze)
rCold   . . .      Faith    .    c - +0 buckler
rNeg    + . .      Spirit   .    j - +0 chain mail
rPois   inf        Reflect  .    e - +0 helmet
rElec   +          Harm     .    (no cloak)
rCorr   +          Rampage  .    g - +0 pair of gloves
Will    .....                    (no boots)
Stlth   ..........               q - amulet of the acrobat
HPRegen 0.14/turn                o - ring "Retumygg" {*Slow rElec rF+ rCorr Str+2}
MPRegen 0.10/turn                (no ring)

@: no status effects
A: sickness immunity, AC +4, negative energy resistance 1, electricity
resistance, torment resistance 1, petrification resistance
a: no special abilities


You were on level 5 of the Dungeon.
You visited 1 branch of the dungeon, and saw 5 of its levels.

You collected 258 gold pieces.
You spent 160 gold pieces at shops.


Innate Abilities, Weirdness & Mutations

You are immune to sickness and miasma.
Your stone body is resilient. (AC +4)
You are immune to poison.
You resist negative energy. (rN+)
You are resistant to electric shocks. (rElec)
You are resistant to unholy torment.
You are immune to petrification.


   Skills:
 - Level 4.0 Fighting
 + Level 6.5 Axes
 - Level 3.2 Armour
 - Level 1.0 Dodging
 - Level 3.2 Shields


You had 6 spell levels left.
You didn't know any spells.
Your spell library was empty.

Inventory:

Hand Weapons
 r - a +0 mace
 Y - a +5 broad axe of freezing (weapon)
Armour
 c - a +0 buckler (worn)
 e - a +0 helmet (worn)
 g - a +0 pair of gloves (worn)
 j - a +0 chain mail (worn)
Jewellery
 o - the ring "Retumygg" (left hand) {*Slow rElec rF+ rCorr Str+2}
   (You acquired it on level 3 of the Dungeon)

   [ring of resist corrosion]

   Str:       It affects your strength (+2).
   rF:        It protects you from fire.
   rElec:     It insulates you from electricity.
   rCorr:     It protects you from acid and corrosion.
   *Slow:     It may slow you when you take damage.
 q - an amulet of the acrobat (around neck)
Scrolls
 a - 3 scrolls of identify
 f - a scroll of fear {unknown}
 k - a scroll of teleportation
Potions
 b - 2 potions of lignification
 d - 2 potions of might
 i - 2 potions of heal wounds
 l - 4 potions of curing
 m - a potion of attraction

Dungeon Overview and Level Annotations

Branches:
Dungeon (5/15)
 Temple: D:4-7

Altars:
Uskayaw
Zin

Shops:
D:2 [   D:3 !   D:4 !

Annotations:
D:5 Pikel


Message History

4077 ||| FLEEEEING.
4078 ||| FLEEEEING.
4080 ||| FLEEEEING.
4081 ||| FLEEEEING.
4082 ||| FLEEEEING.
4083 ||| FLEEEEING.
4084 ||| FLEEEEING.
4085 ||| FLEEEEING.
You slash the lemure! You freeze the lemure.
The lemure is heavily wounded.
The lemure hits you but does no damage.
You barely miss the lemure.
The lemure is heavily wounded.
The lemure hits you.
You hit Pikel but do no damage. Pikel hits you but does no damage.
You closely miss Pikel.
Pikel hits you with a +2 whip of freezing.
Pikel freezes you. Pikel hits you but does no damage.
The lemure hits you but does no damage.
You closely miss the lemure.
The lemure is heavily wounded.
You hit Pikel but do no damage. Pikel hits you but does no damage.
You block the lemure's attack.
You slash the lemure! You freeze the lemure.
You kill the lemure!
That felt strangely unrewarding.
You closely miss Pikel. Pikel barely misses you.
You hit Pikel. You freeze Pikel.
Pikel is lightly wounded.
You slash the lemure! You freeze the lemure. You miss the lemure.
The lemure misses you. The lemure hits you. Pikel hits you but does no damage.
You slash the lemure! You freeze the lemure!
You kill the lemure!
That felt strangely unrewarding.
You slash Pikel! You freeze Pikel. You barely miss the lemure.
The lemure hits you.
Pikel zaps a wand.
The bolt of dispelling energy hits you! The lemure completely misses you.
Pikel zaps a wand.
The bolt of dispelling energy hits you!
You die...

... ...:. ..... ##.....
##..#..... . ####.........
5. ####.............
5..#######.5..#K55........
#K.5..#.K(#####@.........
#####.5.### #.)........
#...# #.......... #..##
#.......... #..#
##......... #..#
#......... #..# ##........
#..# #........ #.##
#..###...


You could see Pikel and 2 lemures.

Vanquished Creatures
  An ogre (D:4)
  A centaur (D:5)
  2 lemures (D:5)
  A necrophage (D:4)
  A scorpion (D:3)
  A hound (D:3)
  2 iguanas
  5 adders
  A gnoll (D:1)
  4 worms
  4 dart slugs
  2 orcs (D:3)
  6 bats
  4 endoplasms
  A giant cockroach (D:2)
  2 goblins
  4 hobgoblins
  6 jackals
  8 kobolds
  7 quokkas
  8 ball pythons
  5 frilled lizards
  8 rats
84 creatures vanquished.

Notes
Turn   | Place    | Note
-------+----------+-------------------------------------------
     0 | D:1      | qw the Gargoyle Fighter began the quest for the Orb.
     0 | D:1      | Reached XP level 1. HP: 14/14 MP: 1/1
     0 | D:1      | 0 ||| qw: Version: 0.2-a-12-gaebbb33
     0 | D:1      | 0 ||| qw: Game counter: 1180
     0 | D:1      | 0 ||| qw: Always use a shield: true
     0 | D:1      | 0 ||| qw: God list: Okawaru
     0 | D:1      | 0 ||| qw: Allow faded altars: false
     0 | D:1      | 0 ||| qw: Do Orc after D:15 true
     0 | D:1      | 0 ||| qw: Do second Lair branch before Depths: true
     0 | D:1      | 0 ||| qw: Lair rune preference: random
     0 | D:1      | 0 ||| qw: Plans: Normal, Zot:1-4, God:TSO, Crypt, Tomb,
                  | Pan, Slime:5, Hells, Abyss, Orb
     0 | D:1      | 0 ||| PLANNING D:1-11
    39 | D:1      | 39 ||| Stepping ~*~*~tactically~*~*~ (stealth).
    53 | D:1      | Reached skill level 2 in Axes
    86 | D:1      | Reached XP level 2. HP: 19/19 MP: 2/2
   333 | D:1      | Reached skill level 3 in Axes
   338 | D:1      | Reached XP level 3. HP: 9/23 MP: 3/3
   350 | D:1      | 350 ||| Stepping ~*~*~tactically~*~*~ (stealth).
   370 | D:1      | 370 ||| Stepping ~*~*~tactically~*~*~ (stealth).
   371 | D:1      | 371 ||| Stepping ~*~*~tactically~*~*~ (stealth).
   661 | D:1      | 661 ||| Stepping ~*~*~tactically~*~*~ (stealth).
   672 | D:1      | 672 ||| Stepping ~*~*~tactically~*~*~ (stealth).
   675 | D:1      | 675 ||| Stepping ~*~*~tactically~*~*~ (stealth).
   783 | D:1      | Found a faded altar of an unknown god.
  1148 | D:1      | 1148 ||| UPGRADING to +0 pair of gloves.
  1153 | D:1      | 1153 ||| UPGRADING to +0 chain mail.
  1163 | D:1      | 1163 ||| DROPPING +0 scale mail.
  1164 | D:1      | 1164 ||| READING 3 scrolls labelled EFROMA WASE.
  1165 | D:1      | 1165 ||| READING scroll labelled FUIGHO GAMOFUN.
  1166 | D:1      | 1166 ||| DRINKING 2 coppery potions.
  1167 | D:1      | 1167 ||| READING 2 scrolls of identify.
  1167 | D:1      | 1167 ||| IDENTIFYING fuming dark potion
  1168 | D:1      | 1168 ||| DROPPING potion of ambrosia.
  1185 | D:2      | Found Waehihek's Antique Armour Boutique.
  1186 | D:2      | 1186 ||| STAIRDANCE
  1191 | D:2      | 1191 ||| STAIRDANCE
  1204 | D:2      | 1204 ||| SHOPLISTING bloodstained cloak (180 gold, have
                  | 65).
  1204 | D:2      | 1204 ||| SHOPLISTING runed chain mail (142 gold, have 65).
  1204 | D:2      | 1204 ||| SHOPLISTING shiny chain mail (142 gold, have 65).
  1204 | D:2      | 1204 ||| SHOPLISTING shiny troll leather armour (342 gold,
                  | have 65).
  1299 | D:2      | Found a glowing silver altar of Zin.
  1709 | D:2      | Reached XP level 4. HP: 24/28 MP: 4/4
  2014 | D:2      | 2014 ||| DROPPING amulet of faith.
  2015 | D:2      | 2015 ||| READING scroll labelled DOQ ZIDYULANT.
  2015 | D:2      | Identified a scroll of acquirement
  2015 | D:2      | 2015 ||| ACQUIRING +3 broad axe of freezing
  2015 | D:2      | Acquired a +3 broad axe of freezing
  2017 | D:2      | 2017 ||| SWAPPING to +3 broad axe of freezing.
  2018 | D:2      | 2018 ||| DROPPING +0 war axe.
  2087 | D:3      | Reached skill level 4 in Axes
  2113 | D:3      | 2113 ||| Stepping ~*~*~tactically~*~*~ (stealth).
  2114 | D:3      | 2114 ||| Stepping ~*~*~tactically~*~*~ (stealth).
  2121 | D:3      | Reached XP level 5. HP: 27/32 MP: 5/5
  2299 | D:3      | Reached skill level 5 in Axes
  2299 | D:3      | Found Ohuoxt's Distillery.
  2305 | D:3      | 2305 ||| BUYING potion of curing (33 gold).
  2305 | D:3      | Bought a potion of curing for 33 gold pieces
  2305 | D:3      | 2305 ||| BUYING potion of curing (33 gold).
  2305 | D:3      | Bought a potion of curing for 33 gold pieces
  2305 | D:3      | 2305 ||| SHOPLISTING potion of haste (110 gold, have 57).
  2305 | D:3      | 2305 ||| BUYING potion of heal wounds (55 gold).
  2305 | D:3      | Bought a potion of heal wounds for 55 gold pieces
  2305 | D:3      | 2305 ||| SHOPLISTING potion of lignification (33 gold, have
                  | 2).
  2305 | D:3      | 2305 ||| SHOPLISTING potion of resistance (110 gold, have
                  | 2).
  2402 | D:3      | 2402 ||| Stepping ~*~*~tactically~*~*~ (stealth).
  2500 | D:3      | 2500 ||| READING scroll of acquirement.
  2500 | D:3      | 2500 ||| ACQUIRING ring "Retumygg" {*Slow rElec rF+ rCorr
                  | Str+2}
  2500 | D:3      | Acquired the ring "Retumygg" {*Slow rElec rF+ rCorr Str+2}
  2502 | D:3      | 2502 ||| UPGRADING to ring "Retumygg" {*Slow rElec rF+
                  | rCorr Str+2}.
  2530 | D:3      | 2530 ||| Stepping ~*~*~tactically~*~*~ (stealth).
  2531 | D:3      | 2531 ||| Stepping ~*~*~tactically~*~*~ (stealth).
  2532 | D:3      | 2532 ||| Stepping ~*~*~tactically~*~*~ (stealth).
  2552 | D:3      | 2552 ||| Stepping ~*~*~tactically~*~*~ (hiding).
  2560 | D:3      | 2560 ||| Stepping ~*~*~tactically~*~*~ (stealth).
  2566 | D:3      | 2566 ||| Stepping ~*~*~tactically~*~*~ (stealth).
  2675 | D:3      | Reached XP level 6. HP: 38/38 MP: 6/6
  2821 | D:3      | 2821 ||| DROPPING +0 club.
  2999 | D:3      | 2999 ||| UPGRADING to +0 helmet.
  3004 | D:3      | 3004 ||| UPGRADING to amulet of the acrobat.
  3009 | D:3      | 3009 ||| READING scroll labelled VEYL INEOJ.
  3010 | D:3      | 3010 ||| READING scroll labelled DORIJY IKHO.
  3011 | D:3      | 3011 ||| READING 2 scrolls labelled LAM PAROTASCHO.
  3016 | D:3      | 3016 ||| READING 3 scrolls labelled OHIG RUIMU.
  3017 | D:3      | 3017 ||| DROPPING 2 scrolls of immolation.
  3105 | D:4      | Found Mec Paashrue's Distillery.
  3114 | D:4      | 3114 ||| SHOPLISTING potion of haste (130 gold, have 45).
  3114 | D:4      | 3114 ||| SHOPLISTING potion of heal wounds (65 gold, have
                  | 45).
  3114 | D:4      | 3114 ||| BUYING potion of lignification (39 gold).
  3114 | D:4      | Bought a potion of lignification for 39 gold pieces
  3132 | D:4      | Reached skill level 6 in Axes
  3302 | D:4      | 3302 ||| Stepping ~*~*~tactically~*~*~ (stealth).
  3306 | D:4      | 3306 ||| Stepping ~*~*~tactically~*~*~ (stealth).
  3316 | D:4      | Reached skill level 1 in Dodging
  3366 | D:4      | Reached XP level 7. HP: 43/43 MP: 7/7
  3756 | D:4      | Found a hide-covered altar of Uskayaw.
  3766 | D:4      | 3766 ||| READING scroll labelled YNUNAROIDI.
  3767 | D:4      | 3767 ||| READING scroll labelled YBBOULLA JAOB.
  3768 | D:4      | 3768 ||| READING 2 scrolls labelled KEHYMA CUUDURU.
  3769 | D:4      | 3769 ||| READING scroll of enchant weapon.
  3769 | D:4      | 3769 ||| ENCHANTING +4 broad axe of freezing.
  3770 | D:4      | 3770 ||| READING scroll labelled HESUYM KESTREPI.
  3871 | D:4      | 3871 ||| READING 4 scrolls of identify.
  3871 | D:4      | 3871 ||| IDENTIFYING sedimented coppery potion
  3872 | D:4      | 3872 ||| READING 3 scrolls of identify.
  3872 | D:4      | 3872 ||| IDENTIFYING amethyst potion
  3873 | D:4      | 3873 ||| DROPPING potion of flight.
  3931 | D:5      | Entered Level 5 of the Dungeon
  4073 | D:5      | Noticed Pikel
  4075 | D:5      | 4075 ||| FLEEEEING.
  4076 | D:5      | 4076 ||| FLEEEEING.
  4077 | D:5      | 4077 ||| FLEEEEING.
  4078 | D:5      | 4078 ||| FLEEEEING.
  4080 | D:5      | 4080 ||| FLEEEEING.
  4081 | D:5      | 4081 ||| FLEEEEING.
  4082 | D:5      | 4082 ||| FLEEEEING.
  4083 | D:5      | 4083 ||| FLEEEEING.
  4084 | D:5      | 4084 ||| FLEEEEING.
  4085 | D:5      | 4085 ||| FLEEEEING.
  4096 | D:5      | HP: 9/43 [Pikel/bolt of dispelling energy (12)]
  4096 | D:5      | Killed from afar by Pikel

Levels and vault maps discovered:
D:1:      minmay_arrival_glassed_features, layout_basic,
          hellmonk_ecumenical_altar_zigzags, minmay_indecisive_spiral
D:2:      layout_rooms, serial_shops, shop_statue, basic_altar,
          skrybe_limestone_x, kennysheep_generic_room_4
D:3:      layout_loops_cross, serial_shops, shop, kennysheep_generic_room_5
D:4:      layout_loops_ring, lemuel_round_altar, serial_shops,
          nicolae_stop_n_shop_1, st_stairs_12
D:5:      layout_cave_pods, grunt_gozag_statues, uniq_duvessa,
          uniq_blork_the_orc, uniq_pikel

Skill      XL: |  1  2  3  4  5  6 |
---------------+-------------------+-----
Axes           | 2 3 4 5 6 |  6.5
Fighting       | 4 |  4.0
Dodging        | 1 |  1.0
Armour         | |  3.2
Shields        | |  3.2

Action                   |  1- 3 |  4- 6 |  7- 9 || total
-------------------------+-------+-------+-------++-------
Melee: War axe           |   141 |    22 |       ||   163
       Broad axe         |       |    76 |    14 ||    90
  Use: Scroll            |     3 |     6 |     7 ||    16
       Potion            |     1 |       |       ||     1
Armor: Scale mail        |    39 |       |       ||    39
       Chain mail        |    30 |    45 |    13 ||    88
Dodge: Dodged            |    50 |    29 |    11 ||    90
Block: Buckler           |    20 |    10 |     5 ||    35

Table legend:
 A = Non-vault XP
 B = Vault XP
 C = Vault XP percentage of total XP
 D = Non-vault monster count
 E = Vault monster count
 F = Vault count percentage of total count
                 A         B        C        D         E       F
            +---------+---------+-------+---------+---------+-------
      Total |     582 |     152 |  20.7 |      73 |       9 |  11.0
            +---------+---------+-------+---------+---------+-------
        D:1 |      34 |      23 |  40.4 |      21 |       4 |  16.0
        D:2 |      36 |       2 |   5.3 |      19 |       1 |   5.0
        D:3 |     234 |       6 |   2.5 |      20 |       3 |  13.0
        D:4 |     164 |     121 |  42.5 |      11 |       1 |   8.3
        D:5 |     114 |       0 |   0.0 |       2 |       0 |   0.0
            +---------+---------+-------+---------+---------+-------
